AoeStats
← Ken

Arena

505254938Analyzed
1v1 RM · 23d ago on Sep 8, 2026· 66m 44s· 2 players
Game mode
Random Map
Map size
Tiny (2 player)
Population
200
Speed
Normal
Resources
Standard
Victory
Conquest
Starting age
Dark Age
Ending age
Imperial Age
RankedLock teamsTeams togetherTeam positionsShared explorationLock speedFull tech treeHidden civsTurbo modeCheats
Victory
Defeat
🇨🇦 Portuguese · Canada
995
+15
🇨🇳 Huns · China
980
-15
Ken
10:42 Feudal Age
10:31 Loom
17:30 Castle Age
16:02 Double-Bit Axe
16:37 Horse Collar
21:52 Bloodlines
21:03 Light Cavalry
22:37 Squires
26:38 Loom
29:36 Wheelbarrow
35:10 Imperial Age
32:51 Husbandry
32:12 Light Cavalry
33:25 Marauders
34:03 Gold Mining
34:04 Stone Mining
34:22 Scale Barding Armor
34:27 Forging
34:08 Fletching
34:18 Padded Archer Armor
33:58 Light Cavalry
35:53 Gold Shaft Mining
35:52 Chain Barding Armor
35:43 Forging
36:13 Conscription
36:14 Bodkin Arrow
37:14 Padded Archer Armor
38:15 Plate Barding Armor
38:16 Iron Casting
40:03 Bow Saw
40:44 Atheism
39:44 Elite Tarkan
41:05 Iron Casting
40:31 Scale Mail Armor
40:47 Leather Archer Armor
40:32 Bracer
40:20 Arson
40:24 Pikeman
41:20 Stone Mining
42:06 Gold Shaft Mining
43:26 Blast Furnace
42:41 Chain Mail Armor
42:14 Halberdier
43:40 Cavalier
46:00 Chemistry
45:21 Ballistics
45:55 Hussar
Magnus the Rad
11:16 Feudal Age
13:21 Loom
15:53 Castle Age
14:41 Double-Bit Axe
15:01 Horse Collar
18:02 Bloodlines
21:18 Wheelbarrow
22:36 Bow Saw
25:32 Gold Mining
26:37 Scale Barding Armor
27:33 Stone Mining
28:42 Heavy Plow
29:41 Hand Cart
31:23 Chain Barding Armor
31:15 Husbandry
31:27 Town Watch
32:14 Fletching
36:05 Imperial Age
33:36 Pikeman
34:02 Gambesons
34:29 Forging
34:44 Thumb Ring
34:01 Elite Skirmisher
35:34 Ballistics
36:47 Town Patrol
37:04 Bodkin Arrow
37:46 Plate Barding Armor
36:36 Cavalier
36:57 Halberdier
38:08 Conscription
38:54 Chemistry
38:04 Bracer
39:59 Iron Casting
39:27 Devotion
39:56 Padded Archer Armor
39:56 Scale Mail Armor
40:13 Siege Engineers
39:41 Light Cavalry
41:56 Blast Furnace
41:13 Leather Archer Armor
46:42 Faith
52:41 Two-Man Saw
60:39 Masonry
60:12 Treadmill Crane
Connection lost

Rejoining the realm…

Still unreachable

The connection could not be restored.

Session expired

The server has moved on; the page needs a fresh start.